 Dungeon Crawl Stone Soup version 0.23.0 (webtiles) character file.

Game seed: 9889647044939585208

1226 plumbum the Charmwright (level 8, -2/64 HPs)
             Began as a Gnoll Skald on Feb 12, 2019.
             Was a Follower of Trog.
             Slain by an ice beast (7 damage)
             ... on level 6 of the Dungeon.
             The game lasted 00:43:27 (8699 turns).

plumbum the Charmwright (Gnoll Skald)               Turns: 8699, Time: 00:43:28

Health: -2/64      AC:  8    Str: 15    XL:     8   Next: 47%
Magic:  17/17      EV: 15    Int: 16    God:    Trog [*.....]
Gold:   215        SH:  0    Dex: 17    Spells: 18/19 levels left

rFire    . . .     SeeInvis .   a - +0 hand axe
rCold    + . .     Gourm    +   (no shield)
rNeg     + . .     Faith    .   v - +1 leather armour {rN+}
rPois    .         Spirit   .   m - +0 helmet
rElec    .         Reflect  .   D - +2 cloak {+Inv}
rCorr    .         Harm     .   (no gloves)
MR       +....                  (no boots)
Stlth    ++........             z - amulet of the gourmand
HPRegen  0.20/turn              C - ring of protection from magic
MPRegen  0.15/turn              e - ring of protection from cold

@: no status effects
A: distributed training, fangs 1, agile 1, sense surroundings 1, strong nose
a: Berserk, Renounce Religion, Evoke Invisibility


You were on level 6 of the Dungeon.
You worshipped Trog.
Trog was aware of your devotion.
You were not hungry.

You visited 2 branches of the dungeon, and saw 8 of its levels.

You collected 215 gold pieces.

Inventory:

Hand Weapons
 a - a +0 hand axe (weapon)
 b - a +0 hunting sling
 f - a +0 hand axe
 p - a +0 hand axe
Missiles
 c - 103 arrows
 n - 87 sling bullets
 w - 213 stones (quivered)
Armour
 m - a +0 helmet (worn)
 v - a +1 leather armour of positive energy (worn)
 y - a scarf of cloud immunity
 D - a +2 cloak of invisibility (worn)
Jewellery
 e - a ring of protection from cold (right hand)
 t - an uncursed ring of teleportation
 z - an amulet of the gourmand (around neck)
 A - an uncursed amulet of rage
 C - a ring of protection from magic (left hand)
Wands
 h - a wand of scattershot (3)
Scrolls
 g - a scroll of remove curse
 j - a scroll of magic mapping {unknown}
 s - 3 scrolls of teleportation {unknown}
 u - a scroll of fog
 B - 2 scrolls of blinking {unknown}
Potions
 i - 4 potions of might {unknown}
 k - a potion of curing {unknown}
 l - 2 potions of invisibility
 o - 2 potions of cancellation {unknown}
 q - a potion of mutation
 r - 2 potions of berserk rage {unknown}
 x - 3 potions of heal wounds
Comestibles
 d - 5 rations


   Skills:
 + Level 5.6 Fighting
 + Level 3.2 Short Blades
 + Level 3.2 Long Blades
 + Level 5.6 Axes
 + Level 3.2 Maces & Flails
 + Level 3.2 Polearms
 + Level 3.2 Staves
 + Level 3.2 Slings
 + Level 3.2 Bows
 + Level 3.2 Crossbows
 + Level 3.2 Throwing
 + Level 4.2 Armour
 + Level 5.6 Dodging
 + Level 3.2 Stealth
 + Level 3.2 Shields
 + Level 3.2 Unarmed Combat
 + Level 6.0 Spellcasting
 + Level 2.6 Conjurations
 + Level 2.6 Hexes
 + Level 6.1 Charms
 + Level 2.6 Summonings
 + Level 2.6 Necromancy
 + Level 2.6 Translocations
 + Level 2.6 Transmutations
 + Level 2.6 Fire Magic
 + Level 2.6 Ice Magic
 + Level 2.6 Air Magic
 + Level 2.6 Earth Magic
 + Level 2.6 Poison Magic
 + Level 3.5 Invocations
 + Level 3.2 Evocations


You had 18 spell levels left.
You knew the following spells:

 Your Spells              Type           Power        Failure   Level  Hunger
a - Infusion              Chrm           ###.         1%          1    None

Your spell library contained the following spells:

 Spells                   Type           Power        Failure   Level  Hunger
 Song of Slaying          Chrm           ###.....     1%          2    #......
 Shroud of Golubria       Chrm/Tloc      ###.......   4%          2    #......
 Regeneration             Chrm/Necr      ###.......   9%          3    ##.....
 Spectral Weapon          Hex/Chrm       ###.....     9%          3    ##.....


Dungeon Overview and Level Annotations

Branches:
Dungeon (7/15)             Temple (1/1) D:6

Altars:
Ashenzari
Dithmenos
Elyvilon
Fedhas
Gozag
Makhleb
Okawaru
Qazlal
Sif Muna
Trog
Uskayaw
Vehumet
Wu Jian
Xom
Yredelemnul
The Shining One


Innate Abilities, Weirdness & Mutations

Your experience applies equally to all skills.
You have very sharp teeth.
Your uncanny sense of smell can sniff out nearby items.
You are agile. (Dex +2)
You passively map a small area around you.


Message History

You hit the ice beast.
The ice beast is almost dead.
The ice beast hits you.
* * * LOW HITPOINT WARNING * * *
The ice beast freezes you! You resist.
* * * LOW HITPOINT WARNING * * *
The centaur shoots an arrow.
The arrow hits you.
* * * LOW HITPOINT WARNING * * *
You see here an arrow.
The centaur shoots an arrow.
The arrow completely misses you.
There is a stone staircase leading up here.
The ice beast hits you but does no damage.
You climb upwards.
There is a stone staircase leading down here.
You barely miss the ice beast.
The ice beast is almost dead.
The ice beast hits you.
* * * LOW HITPOINT WARNING * * *
The ice beast freezes you! You resist.
You die...

#.#######################
#.............##........##
#.####........##.######.#.
#.......####..##.######.#.
######..#.....##.##.......
#..#..#.###.##.###.##
#..#.............#... ##########
#..#..#.###.#...##### .........#
#..#@.#.#............
########.####..#.Y#.##.......####
............#..#..#.#........#...
######...##.#..#).#.####.....#.#.
.# #...##....#....#........#.#.
.# #...##...##..#..........#.#.
.# #...##...##..#.#.##.##..#.#.
######...##.."##..#.#.##.##..#.#.
.........##.......#.#.##.##..#.#.


You could see an ice beast.

Vanquished Creatures
  Grinder (D:6)
  Menkaure (D:6)
  Duvessa (D:5)
  An ice beast (D:6)
  An ogre (D:6)
  A centaur (D:7)
  Dowan (D:5)
  A wyvern skeleton (D:5)
  A scorpion (D:4)
  A crimson imp (D:6)
  A centaur zombie (D:5)
  An orc wizard (D:7)
  A centaur skeleton (D:4)
  An orc priest (D:3)
  3 worker ants
  An iguana (D:5)
  A hound skeleton (D:4)
  6 adders
  A shadow imp (D:6)
  An ooze (D:6)
  5 worms
  3 dart slugs (D:1)
  A leopard gecko (D:5)
  9 orcs
  3 giant cockroaches
  4 goblins
  3 hobgoblins
  4 jackals (D:3)
  8 kobolds
  2 quokkas
  3 ball pythons
  6 bats
  2 frilled lizards (D:3)
  10 rats
90 creatures vanquished.

Vanquished Creatures (others)
  An orc (D:3)
1 creature vanquished.

Grand Total: 91 creatures vanquished

Notes
Turn   | Place    | Note
-------+----------+-------------------------------------------
     0 | D:1      | plumbum the Gnoll Skald began the quest for the Orb.
     0 | D:1      | Reached XP level 1. HP: 20/20 MP: 6/6
   123 | D:1      | Reached XP level 2. HP: 4/26 MP: 7/7
   647 | D:1      | You fall through a shaft!
  1042 | D:2      | Reached XP level 3. HP: 17/31 MP: 9/9
  1117 | D:2      | Reached skill level 5 in Spellcasting
  1121 | D:2      | Gained mutation: You are agile. (Dex +2) [potion of
                  | mutation]
  1121 | D:2      | Gained mutation: You passively map a small area around you.
                  | [potion of mutation]
  1377 | D:1      | Reached skill level 1 in Invocations
  1502 | D:2      | Reached skill level 1 in Short Blades
  1502 | D:2      | Reached skill level 1 in Long Blades
  1502 | D:2      | Reached skill level 1 in Maces & Flails
  1502 | D:2      | Reached skill level 1 in Polearms
  1502 | D:2      | Reached skill level 1 in Staves
  1502 | D:2      | Reached skill level 1 in Slings
  1502 | D:2      | Reached skill level 1 in Bows
  1502 | D:2      | Reached skill level 1 in Crossbows
  1502 | D:2      | Reached skill level 1 in Throwing
  1502 | D:2      | Reached skill level 1 in Stealth
  1502 | D:2      | Reached skill level 1 in Shields
  1502 | D:2      | Reached skill level 1 in Unarmed Combat
  1502 | D:2      | Reached skill level 1 in Evocations
  1525 | D:2      | Reached XP level 4. HP: 38/38 MP: 11/11
  1841 | D:3      | Found a bloodstained altar of Trog.
  1843 | D:3      | Found a deep blue altar of Sif Muna.
  1876 | D:3      | Became a worshipper of Trog the Wrathful
  2296 | D:3      | Reached skill level 1 in Conjurations
  2296 | D:3      | Reached skill level 1 in Hexes
  2296 | D:3      | Reached skill level 1 in Summonings
  2296 | D:3      | Reached skill level 1 in Necromancy
  2296 | D:3      | Reached skill level 1 in Translocations
  2296 | D:3      | Reached skill level 1 in Transmutations
  2296 | D:3      | Reached skill level 1 in Fire Magic
  2296 | D:3      | Reached skill level 1 in Ice Magic
  2296 | D:3      | Reached skill level 1 in Air Magic
  2296 | D:3      | Reached skill level 1 in Earth Magic
  2296 | D:3      | Reached skill level 1 in Poison Magic
  2452 | D:3      | Reached XP level 5. HP: 18/43 MP: 12/12
  3911 | D:4      | Found a radiant altar of Vehumet.
  3985 | D:5      | Entered Level 5 of the Dungeon
  4113 | D:4      | Reached XP level 6. HP: 13/50 MP: 13/13
  4124 | D:4      | HP: 2/50 [poisoned by a worker ant]
  5304 | D:5      | Reached skill level 5 in Fighting
  5304 | D:5      | Reached skill level 5 in Axes
  5304 | D:5      | Reached skill level 5 in Dodging
  5652 | D:5      | Found a bloodstained altar of Trog.
  5855 | D:6      | Noticed Menkaure
  6087 | D:5      | Reached XP level 7. HP: 22/56 MP: 15/15
  6364 | D:6      | Killed Menkaure
  6616 | D:5      | Noticed Duvessa
  6620 | D:5      | Noticed Dowan
  6663 | D:5      | Killed Duvessa
  6900 | D:5      | Killed Dowan
  7251 | D:6      | Found a staircase to the Ecumenical Temple.
  7267 | Temple   | Entered the Ecumenical Temple
  7615 | D:6      | Reached * piety under Trog
  7656 | D:6      | Noticed Grinder
  7690 | D:6      | Paralysed by Grinder for 2 turns
  7701 | D:6      | Killed Grinder
  7701 | D:6      | Reached XP level 8. HP: 38/63 MP: 16/16
  8338 | D:6      | Found a hide-covered altar of Uskayaw.
  8699 | D:6      | Slain by an ice beast

Skill      XL: |  1  2  3  4  5  6  7  8 |
---------------+-------------------------+-----
Spellcasting   | 5 6 |  6.0
Invocations    | 1 2 3 |  3.5
Short Blades   | 1 2 3 |  3.2
Long Blades    | 1 2 3 |  3.2
Maces & Flails | 1 2 3 |  3.2
Polearms       | 1 2 3 |  3.2
Staves         | 1 2 3 |  3.2
Slings         | 1 2 3 |  3.2
Bows           | 1 2 3 |  3.2
Crossbows      | 1 2 3 |  3.2
Throwing       | 1 2 3 |  3.2
Stealth        | 1 2 3 |  3.2
Shields        | 1 2 3 |  3.2
Unarmed Combat | 1 2 3 |  3.2
Evocations     | 1 2 3 |  3.2
Conjurations   | 1 2 |  2.6
Hexes          | 1 2 |  2.6
Summonings     | 1 2 |  2.6
Necromancy     | 1 2 |  2.6
Translocations | 1 2 |  2.6
Transmutations | 1 2 |  2.6
Fire Magic     | 1 2 |  2.6
Ice Magic      | 1 2 |  2.6
Air Magic      | 1 2 |  2.6
Earth Magic    | 1 2 |  2.6
Poison Magic   | 1 2 |  2.6
Armour         | 3 4 |  4.2
Fighting       | 5 |  5.6
Axes           | 5 |  5.6
Dodging        | 5 |  5.6
Charms         | 6 |  6.1

Action                   |  1- 3 |  4- 6 |  7- 9 || total
-------------------------+-------+-------+-------++-------
Melee: Unarmed           |   110 |       |       ||   110
       Bite              |    21 |    45 |    12 ||    78
       Hand axe          |    43 |   259 |   124 ||   426
       Punch             |     1 |     4 |     5 ||    10
 Fire: Hunting sling     |     5 |    44 |    47 ||    96
Throw: Stone             |     2 |       |    21 ||    23
Evoke: Wand              |       |       |     1 ||     1
  Use: Potion            |     2 |     2 |       ||     4
       Scroll            |       |     6 |     3 ||     9
 Stab: Distracted        |     1 |       |       ||     1
       Sleeping          |     1 |     1 |       ||     2
  Eat: Chunk             |     2 |    10 |     8 ||    20
       Ration            |       |     2 |     1 ||     3
Armor: Leather armour    |    24 |    38 |    24 ||    86
Dodge: Dodged            |   122 |   179 |    87 ||   388
